 Dungeon Sprint DCSS version 0.18.1-6-gd335043 (webtiles) character file.

42735 Hipnos the Shatterer (level 13, -9/121 HPs)
             Began as a Demonspawn Fighter on May 19, 2016.
             Was the Champion of Okawaru.
             Killed from afar by a fire dragon (32 damage)
             ... with a blast of flame
             ... in the Dungeon (Sprint IX: "|||||||||||||||||||||||||||||").
             The game lasted 00:27:30 (6470 turns).

Hipnos the Shatterer (Demonspawn Fighter)           Turns: 6470, Time: 00:27:30

Health: -9/121     AC: 34    Str: 26    XL:     13   Next: 87%
Magic:  13/13      EV: 13    Int:  9    God:    Okawaru [******]
Gold:   1334       SH:  9    Dex: 12    Spells: 0 memorised, 12 levels left

rFire  . . .     SeeInvis .     O - +0 demon whip (drain)
rCold  + . .     Gourm    .     J - +4 storm dragon armour
rNeg   . . .     Faith    .     w - +0 buckler {AC+3}
rPois  .         Spirit   .     q - +0 helmet
rElec  +         Dismiss  .     H - +1 cloak
rCorr  .         Reflect  .     C - +1 pair of gloves {Str+3}
SustAt .         Harm     .     y - +0 pair of boots
MR     +....     NoTele   +     (no amulet)
Stlth  ..........               E - ring of protection from cold
                                F - ring of protection from magic

@: somewhat resistant to hostile enchantments, extremely unstealthy
A: claws 2, large bone plates 1, demonic guardian 2, foul stench 1, rot immunity
a: Heroism, Finesse, Renounce Religion


You were in the Dungeon.
You worshipped Okawaru.
Okawaru was exalted by your worship.
You were full.

You visited 1 branch You collected 1911 gold pieces.
You spent 577 gold pieces at shops.

Inventory:

Hand Weapons
 a - a +0 flail
 d - a +3 great mace of draining
 p - a +4 dire flail of protection
 v - a +0 dagger
 G - a +2 morningstar of protection
 M - a +6 double sword of electrocution
 N - a +2 flail of protection
 O - a +0 demon whip of draining (weapon)
Armour
 b - a +0 scale mail
 c - a +0 shield
 g - a +3 ring mail of positive energy
 l - a +1 plate armour of poison resistance
 q - a +0 helmet (worn)
 r - a +2 pair of gloves
 s - a +0 plate armour
 w - a +0 buckler of protection (worn)
 y - a +0 pair of boots (worn)
 B - a +0 cloak
 C - a +1 pair of gloves of strength (worn)
 H - a +1 cloak (worn)
 I - a +1 cloak
 J - a +4 storm dragon armour (worn)
Jewellery
 t - a +3 ring of strength
 u - a +3 ring of strength
 E - a ring of protection from cold (right hand)
 F - a ring of protection from magic (left hand)
Wands
 o - a wand of iceblast (7/15)
Scrolls
 k - 2 scrolls of blinking
 m - 8 scrolls of remove curse
 n - 2 scrolls of amnesia
Potions
 e - 2 potions of curing
 h - 2 potions of haste
 i - 4 potions of magic
 j - 2 potions of cure mutation
 K - a potion of might
Comestibles
 f - 13 bread rations
 x - a beef jerky
 z - 40 fruits
 A - 9 meat rations


   Skills:
 * Level 17.4 Fighting
 + Level 21.7 Maces & Flails
 * Level 14.8 Armour
 * Level 8.4 Dodging
 + Level 2.2 Stealth
 * Level 12.5 Shields
 + Level 0.3 Invocations


You had 12 spell levels left.
You didn't know any spells.

Dungeon Overview and Level Annotations

Branches:
Dungeon (1/1)

Altars:
Cheibriados
Dithmenos
Elyvilon
Fedhas
Gozag
Kikubaaqudgha
Makhleb
Nemelex Xobeh
Okawaru
Pakellas
Qazlal
Ru
Sif Muna
Trog
Vehumet
Xom
Yredelemnul
Zin
The Shining One
Beogh
Jiyva
Lugonu

Shops:
D [(*}


Innate Abilities, Weirdness & Mutations

You have very sharp fingernails.
You are partially covered in large bone plates (AC +2, SH +2).
A demonic guardian rushes to your aid.
You may emit foul miasma when damaged in melee.
You are immune to rotting.


Message History

The purple very ugly thing is severely wounded.
You completely miss the purple very ugly thing.
The purple very ugly thing is severely wounded.
The purple very ugly thing gores you.
* * * LOW HITPOINT WARNING * * *
You hit the purple very ugly thing. You drain the purple very ugly thing!
The purple very ugly thing is severely wounded.
You whack the purple very ugly thing! You drain the purple very ugly thing!
The purple very ugly thing is almost dead.
You block the purple very ugly thing's attack.
You whack the purple very ugly thing!
You kill the purple very ugly thing!
Okawaru accepts your kill.
You whack the fire dragon!
The fire dragon is lightly wounded.
You hit the fire dragon. You drain the fire dragon!
The fire dragon is moderately wounded.
The fire dragon breathes flames at you. The blast of flame hits you!
You die...

.▓.▓.▓.▓[▓.♣)♣.▓
.▓.▓.▓.▓[▓.♣'♣.▓u▓
.▓.▓.▓.▓.▓.▓.▓.▓u▓
.▓.▓.▓.▓.▓.▓.▓.▓C▓
.▓.▓.▓.▓)▓.▓.▓.▓D▓
'▓.▓.▓.▓)▓.▓.▓.▓.▓
.▓)▓.▓.▓)▓.▓.▓.▓T▓
.▓)▓.▓.▓)▓.▓.▓.▓D▓
.▓.▓.▓.▓.▓.▓.▓.▓@▓
.▓.▓.▓.▓)▓.▓.▓.▓4▓
.▓.▓.▓.▓)▓†▓.▓)▓.▓
†▓.▓)▓.▓)▓.▓'▓.▓.▓
÷▓.▓)▓.▓.▓.▓.▓.▓.▓
[▓.▓)▓.▓.▓.▓.▓.▓.▓
.▓.▓.▓.▓.▓.▓.▓.▓.▓
.▓.▓.▓.▓=▓.▓.▓.▓.▓
.▓.▓.▓.▓=▓.▓.▓.▓.▓


You could see 2 very ugly things, 2 fire dragons, an ettin, a deep troll earth
mage and a friendly sixfirhy.

Vanquished Creatures
  2 greater nagas (D)
  Maud (D)
  A very ugly thing (D)
  2 stone giants (D)
  Azrael (D)
  Snorg (D)
  An ettin (D)
  2 fire dragons (D)
  2 naga warriors (D)
  An entropy weaver (D)
  A hydra (D)
  Harold (D)
  A merfolk avatar (D)
  A centaur warrior (D)
  An anaconda (shapeshifter) (D)
  8 orc high priests (D)
  A tengu warrior (D)
  A spriggan (D)
  2 sea snakes (D)
  A wizard (D)
  A giant orange brain (D)
  A hill giant (D)
  A necromancer (D)
  7 orc knights (D)
  A griffon (D)
  A cyclops (D)
  2 orb spiders (D)
  2 wolf spiders (D)
  A salamander (D)
  A water nymph (D)
  3 black mambas (D)
  A spiny frog (D)
  An efreet (D)
  3 komodo dragons (D)
  A yaktaur (D)
  A tengu conjurer (D)
  2 merfolk (D)
  A jumping spider (D)
  A polar bear (shapeshifter) (D)
  A two-headed ogre (D)
  A snapping turtle (D)
  A slime creature (D)
  A water elemental (D)
  A redback (D)
  2 yaks (D)
  A tarantella (D)
  A hippogriff (D)
  3 fire elementals (D)
  2 basilisks (D)
  A hungry ghost (D)
  A vampire mosquito (D)
  4 wargs (D)
  A naga (D)
  3 hell hounds (D)
  3 porcupines (D)
  2 swamp drakes (D)
  9 orc warriors (D)
  A wasp (D)
  4 wolves (D)
  2 crocodiles (D)
  3 giant frogs (D)
  4 orc wizards (D)
  A worker ant (D)
  An adder (D)
  A river rat (D)
  A shadow imp (D)
  An ooze (D)
  An adder zombie (D)
  An adder skeleton (D)
  A giant gecko (D)
  12 orcs (D)
  A bat (D)
  A giant cockroach (D)
  A hobgoblin (D)
  A quokka (D)
  A giant cockroach zombie (D)
  A giant newt (D)
  A quokka zombie (D)
  A rat (D)
144 creatures vanquished.

Vanquished Creatures (collateral kills)
  A fire dragon (D)
  A deep troll shaman (D)
  An orc high priest (D)
  A spriggan druid (D)
  A demonic crawler (D)
  A fire elemental (D)
  A vampire mosquito (D)
  An iguana (D)
8 creatures vanquished.

Vanquished Creatures (others)
  An alligator (D)
  A naga mage (D)
2 creatures vanquished.

Grand Total: 154 creatures vanquished

Notes
Turn   | Place    | Note
--------------------------------------------------------------
     0 | D        | Hipnos the Demonspawn Fighter began the quest for the Orb.
     0 | D        | Reached XP level 1. HP: 18/18 MP: 1/1
     7 | D        | Reached skill level 2 in Maces & Flails
    18 | D        | Gained mutation: You are immune to rotting. [demonic ancestry]
    18 | D        | Reached XP level 2. HP: 24/25 MP: 2/2
    65 | D        | Found a glowing silver altar of Zin.
    65 | D        | Found a glowing golden altar of the Shining One.
    65 | D        | Found an ancient bone altar of Kikubaaqudgha.
    65 | D        | Found a basalt altar of Yredelemnul.
    65 | D        | Found a shimmering altar of Xom.
    65 | D        | Found a radiant altar of Vehumet.
    66 | D        | Found an iron altar of Okawaru.
    67 | D        | Found a burning altar of Makhleb.
    68 | D        | Found a deep blue altar of Sif Muna.
    69 | D        | Found a bloodstained altar of Trog.
    70 | D        | Found a sparkling altar of Nemelex Xobeh.
    71 | D        | Found a white marble altar of Elyvilon.
    72 | D        | Found a roughly hewn altar of Beogh.
    73 | D        | Found a viscous altar of Jiyva.
    74 | D        | Became a worshipper of Warmaster Okawaru
    75 | D        | Found a corrupted altar of Lugonu.
    76 | D        | Found a blossoming altar of Fedhas.
    77 | D        | Found a snail-covered altar of Cheibriados.
    78 | D        | Found a shadowy altar of Dithmenos.
    79 | D        | Found a stormy altar of Qazlal.
    80 | D        | Found an opulent altar of Gozag.
    81 | D        | Found a sacrificial altar of Ru.
    82 | D        | Found an oddly glowing altar of Pakellas.
   162 | D        | Gained mutation: A weak demonic guardian rushes to your aid. [demonic ancestry]
   162 | D        | Reached XP level 3. HP: 25/30 MP: 3/3
   171 | D        | Reached skill level 3 in Maces & Flails
   304 | D        | Noticed a tengu warrior
   304 | D        | Noticed a vampire mosquito
   304 | D        | Noticed a tengu conjurer
   304 | D        | Noticed a centaur warrior
   334 | D        | Killed a centaur warrior
   334 | D        | Reached * piety under Okawaru
   334 | D        | Reached ** piety under Okawaru
   334 | D        | Reached *** piety under Okawaru
   334 | D        | Reached **** piety under Okawaru
   334 | D        | Reached skill level 9 in Maces & Flails
   334 | D        | Gained mutation: You may emit foul miasma when damaged in melee. [demonic ancestry]
   334 | D        | Reached XP level 4. HP: 44/44 MP: 4/4
   334 | D        | Reached XP level 5. HP: 49/49 MP: 5/5
   334 | D        | Reached XP level 6. HP: 56/56 MP: 6/6
   334 | D        | Reached XP level 7. HP: 61/61 MP: 7/7
   342 | D        | Killed a tengu conjurer
   360 | D        | Killed a vampire mosquito
   360 | D        | Reached XP level 8. HP: 53/69 MP: 8/8
   415 | D        | Killed a tengu warrior
   415 | D        | Reached ***** piety under Okawaru
   415 | D        | Reached skill level 10 in Maces & Flails
   707 | D        | Noticed a komodo dragon
   707 | D        | Noticed a komodo dragon
   712 | D        | Killed a komodo dragon
   712 | D        | Reached skill level 11 in Maces & Flails
   731 | D        | Reached XP level 9. HP: 30/76 MP: 9/9
   947 | D        | Reached skill level 10 in Shields
   972 | D        | Killed a komodo dragon
   980 | D        | Reached skill level 12 in Maces & Flails
  1027 | D        | Noticed a komodo dragon
  1039 | D        | Killed a komodo dragon
  1182 | D        | Noticed a black mamba
  1201 | D        | Received a gift from Okawaru
  1201 | D        | Reached skill level 10 in Fighting
  1205 | D        | Killed a black mamba
  1224 | D        | Reached skill level 13 in Maces & Flails
  1224 | D        | Reached skill level 10 in Armour
  1224 | D        | Gained mutation: You have sharp fingernails. [demonic ancestry]
  1224 | D        | Reached XP level 10. HP: 71/85 MP: 10/10
  1398 | D        | Noticed an orc knight
  1416 | D        | Killed an orc knight
  1416 | D        | Reached ****** piety under Okawaru
  1565 | D        | Reached skill level 14 in Maces & Flails
  1898 | D        | Received a gift from Okawaru
  1979 | D        | Noticed an orc high priest
  2010 | D        | Noticed a sixfirhy
  2328 | D        | Killed an orc high priest
  2340 | D        | Noticed an orc knight
  2357 | D        | Killed an orc knight
  2357 | D        | Reached skill level 15 in Maces & Flails
  2451 | D        | Found Luol's Gadget Boutique.
  2451 | D        | Noticed an orc high priest
  2451 | D        | Noticed an orc high priest
  2451 | D        | Noticed an orc knight
  2451 | D        | Noticed an orc high priest
  2451 | D        | Noticed an orc high priest
  2452 | D        | Noticed an orc knight
  2455 | D        | Noticed an orange demon
  2458 | D        | Killed an orc high priest
  2458 | D        | Gained mutation: A demonic guardian rushes to your aid. [demonic ancestry]
  2458 | D        | Reached XP level 11. HP: 86/94 MP: 11/11
  2459 | D        | Found Jefoy's General Store.
  2462 | D        | Killed an orc high priest
  2463 | D        | Noticed an orc high priest
  2467 | D        | Noticed an orc knight
  2471 | D        | Killed an orc knight
  2472 | D        | Found Muvar's Weapon Boutique.
  2472 | D        | Noticed an orc high priest
  2485 | D        | Killed an orc high priest
  2485 | D        | Reached skill level 16 in Maces & Flails
  2493 | D        | Killed an orc high priest
  2496 | D        | Noticed an orc knight
  2503 | D        | Killed an orc knight
  2504 | D        | Found Ciarph's Antique Armour Shop.
  2515 | D        | Killed an orc high priest
  2515 | D        | Received a gift from Okawaru
  2518 | D        | Noticed a soul eater
  2522 | D        | Noticed an orc high priest
  2617 | D        | Killed an orc knight
  2625 | D        | Killed an orc high priest
  2625 | D        | Reached skill level 17 in Maces & Flails
  2956 | D        | Killed an orc knight
  2962 | D        | Noticed an orc knight
  2981 | D        | Killed an orc high priest
  2995 | D        | Killed an orc knight
  3003 | D        | Noticed an orc high priest
  3010 | D        | Killed an orc high priest
  3019 | D        | Bought a runed plate armour for 483 gold pieces
  3019 | D        | Bought a pair of glowing gloves for 94 gold pieces
  3266 | D        | Noticed Harold
  3273 | D        | Killed Harold
  3273 | D        | Reached skill level 18 in Maces & Flails
  3414 | D        | Noticed a hill giant
  3417 | D        | Killed a hill giant
  3425 | D        | Received a gift from Okawaru
  3430 | D        | Noticed a wizard
  3432 | D        | Gained mutation: You have very sharp fingernails. [demonic ancestry]
  3432 | D        | Reached XP level 12. HP: 93/105 MP: 12/12
  3442 | D        | Noticed an anaconda
  3454 | D        | Noticed a stone giant
  3456 | D        | Killed an anaconda
  3457 | D        | Noticed a fire dragon
  3461 | D        | Noticed a stone giant
  3469 | D        | Killed a stone giant
  3469 | D        | Reached skill level 19 in Maces & Flails
  3488 | D        | Killed a stone giant
  3490 | D        | Killed a fire dragon
  3490 | D        | Received a gift from Okawaru
  3874 | D        | Noticed an entropy weaver
  4431 | D        | Killed an entropy weaver
  4431 | D        | Reached skill level 1 in Stealth
  4625 | D        | Reached skill level 20 in Maces & Flails
  4625 | D        | Reached skill level 5 in Dodging
  4937 | D        | Noticed an eight-headed hydra
  4942 | D        | Noticed an alligator
  4958 | D        | Killed an eight-headed hydra
  4972 | D        | Killed an alligator
  5038 | D        | Received a gift from Okawaru
  5286 | D        | Noticed a merfolk avatar
  5293 | D        | Gained mutation: You are partially covered in large bone plates (AC +2, SH +2). [demonic ancestry]
  5293 | D        | Reached XP level 13. HP: 114/114 MP: 13/13
  5318 | D        | Reached skill level 15 in Fighting
  5580 | D        | Noticed a greater naga
  5580 | D        | Noticed a greater naga
  5610 | D        | Killed a greater naga
  5617 | D        | Killed a greater naga
  5617 | D        | Reached skill level 21 in Maces & Flails
  5631 | D        | Received a gift from Okawaru
  6036 | D        | Noticed Snorg
  6045 | D        | Killed Snorg
  6058 | D        | Noticed Azrael
  6094 | D        | Killed Azrael
  6140 | D        | Noticed Maud
  6170 | D        | Killed Maud
  6386 | D        | Noticed a fire dragon
  6386 | D        | Noticed a fire dragon
  6386 | D        | Noticed an ettin
  6386 | D        | Noticed a fire dragon
  6407 | D        | Noticed a fire dragon
  6407 | D        | Killed a fire dragon
  6408 | D        | Noticed an ettin
  6412 | D        | Killed an ettin
  6419 | D        | Noticed a purple very ugly thing
  6421 | D        | Noticed an ettin
  6441 | D        | Noticed a purple very ugly thing
  6443 | D        | Killed a fire dragon
  6445 | D        | Noticed a cyan very ugly thing
  6468 | D        | Killed a purple very ugly thing
  6470 | D        | Killed from afar by a fire dragon

Skill      XL: |  1  2  3  4  5  6  7  8  9 10 11 12 13 |
---------------+----------------------------------------+-----
Maces & Flails | 2 9 11 13 15 18 20 21 | 21.7
Armour         | 3 4 7 8 10 11 12 13 14 | 14.8
Shields        | 3 7 8 9 10 11 12 | 12.5
Fighting       | 4 7 8 9 10 11 13 14 17 | 17.4
Dodging        | 2 3 4 5 8 |  8.4
Stealth        | 2 |  2.2
Invocations    | |  0.3

Action                   |  1- 3 |  4- 6 |  7- 9 | 10-12 | 13-15 || total
-------------------------+-------+-------+-------+-------+-------++-------
Melee: Flail             |    83 |       |    48 |       |       ||   131
       Dire flail        |       |       |    85 |   196 |       ||   281
       Great mace        |       |       |       |   104 |       ||   104
       Demon whip        |       |       |       |   152 |   324 ||   476
Invok: Heroism           |       |       |     1 |     2 |     2 ||     5
  Use: Potion            |     4 |       |     1 |    11 |     3 ||    19
       Scroll            |       |       |     4 |     5 |     1 ||    10
 Stab: Confused          |       |       |       |     1 |       ||     1
  Eat: Chunk             |       |       |     2 |     8 |       ||    10
       Meat ration       |       |       |       |     1 |     2 ||     3
Armor: Scale mail        |     9 |       |       |       |       ||     9
       Plate armour      |    37 |       |    67 |    85 |       ||   189
       Storm dragon armo |       |       |       |   122 |    97 ||   219
Dodge: Dodged            |    15 |       |    28 |   162 |    68 ||   273
Block: Shield            |    44 |       |    35 |       |       ||    79
       Buckler           |       |       |       |    37 |    57 ||    94
